TOP OF THE 1ST |
Los Angeles (NYP) Dodgers batting - Pitching for Salem-Keizer Volcanoes : RHP Jim Sprayberry
|
Pitching: RHP Jim Sprayberry
|
|
Batting: RHB Nick Beggs
|
0-0: Ball 1-0: Ball 2-0: Ball 3-0: Called Strike 3-1: Foul Ball, location: 2F 3-2: SOLO HOME RUN (Flyball, 7D, EV 100.0 MPH), Distance : 388 ft
|
Batting: RHB Ruben Serrata
|
0-0: Ball 1-0: Called Strike 1-1: Ball 2-1: Swinging Strike 2-2: Strikes out swinging
|
Batting: SHB Justin Toth
|
0-0: Called Strike 0-1: Foul Ball, location: 2F 0-2: Foul Ball, location: 2F 0-2: Foul Ball, location: 2F 0-2: Foul Ball, location: 2F 0-2: Ball 1-2: Foul Ball, location: 2F 1-2: Foul Ball, location: 2F 1-2: Strikes out looking
|
Batting: LHB Tony Morales
|
0-0: Ball 1-0: Called Strike 1-1: Ball 2-1: Ball 3-1: Foul Ball, location: 2F 3-2: Strikes out looking
|
Top of the 1st over - 1 run, 1 hit, 0 errors, 0 left on base; Los Angeles (NYP) 1 - Salem-Keizer 0 |
BOTTOM OF THE 1ST |
Salem-Keizer Volcanoes batting - Pitching for Los Angeles (NYP) Dodgers : RHP Eric Ovitt
|
Pitching: RHP Eric Ovitt
|
|
Batting: RHB Nick Wicker
|
0-0: Ball 1-0: Foul Ball, location: 2F 1-1: Called Strike 1-2: Ball 2-2: Ground out 6-3 (Groundball, 6S, EV 87.5 MPH)
|
Batting: RHB Ian Richardson
|
0-0: Ball 1-0: Foul Ball, location: 2F 1-1: Foul Ball, location: 2F 1-2: Strikes out swinging
|
Batting: LHB Gil Caraveo
|
0-0: Ground out 3-1 (Groundball, 34, EV 91.2 MPH)
|
Bottom of the 1st over - 0 runs, 0 hits, 0 errors, 0 left on base; Los Angeles (NYP) 1 - Salem-Keizer 0 |
TOP OF THE 2ND |
Los Angeles (NYP) Dodgers batting - Pitching for Salem-Keizer Volcanoes : RHP Jim Sprayberry
|
Batting: RHB Daniel Samano
|
0-0: Ball 1-0: Foul Ball, location: 2F 1-1: Called Strike 1-2: Strikes out swinging
|
Batting: RHB Kyle Garrett
|
0-0: Ball 1-0: Fly out, F7 (Line Drive, 7D, EV 90.6 MPH)
|
Batting: RHB Jonathan Underhill
|
0-0: Fly out, F7 (Line Drive, 7LM, EV 90.0 MPH)
|
Top of the 2nd over - 0 runs, 0 hits, 0 errors, 0 left on base; Los Angeles (NYP) 1 - Salem-Keizer 0 |
BOTTOM OF THE 2ND |
Salem-Keizer Volcanoes batting - Pitching for Los Angeles (NYP) Dodgers : RHP Eric Ovitt
|
Batting: LHB John Whitman
|
0-0: Foul Ball, location: 2F 0-1: Swinging Strike 0-2: Foul Ball, location: 2F 0-2: Foul Ball, location: 2F 0-2: Strikes out swinging
|
Batting: RHB Jason Gregor
|
0-0: Ball 1-0: DOUBLE (Line Drive, 7LM, EV 88.1 MPH)
|
Batting: RHB Matt Shepard
|
0-0: SINGLE (Groundball, 56D, EV 104.4 MPH) Jason Gregor to third Runner from 3rd tries for Home, SAFE, throw by LF to home Matt Shepard to second
|
Batting: RHB Teruhide Horiuchi
|
0-0: Ground out U3 (Groundball, 23, EV 80.6 MPH) Matt Shepard to third
|
Batting: RHB Ed Broomhead
|
0-0: Ball 1-0: Ball 2-0: Ball 3-0: Called Strike 3-1: Ground out 1-3 (Groundball, 13S, EV 68.1 MPH)
|
Bottom of the 2nd over - 1 run, 2 hits, 0 errors, 1 left on base; Los Angeles (NYP) 1 - Salem-Keizer 1 |
TOP OF THE 3RD |
Los Angeles (NYP) Dodgers batting - Pitching for Salem-Keizer Volcanoes : RHP Jim Sprayberry
|
Batting: LHB Jose Mojica
|
0-0: Foul Ball, location: 2F 0-1: Ball 1-1: Hit by Pitch
|
Batting: RHB Alex Ramirez
|
0-0: Ball Jose Mojica is caught stealing 2nd base 2-4 1-0: Foul Ball, location: 2F 1-1: Called Strike 1-2: Strikes out swinging
|
Batting: RHB Nick Beggs
|
0-0: Called Strike 0-1: Swinging Strike 0-2: Strikes out swinging
|
Top of the 3rd over - 0 runs, 0 hits, 0 errors, 0 left on base; Los Angeles (NYP) 1 - Salem-Keizer 1 |
BOTTOM OF THE 3RD |
Salem-Keizer Volcanoes batting - Pitching for Los Angeles (NYP) Dodgers : RHP Eric Ovitt
|
Batting: RHB Alexis Andrade
|
0-0: Foul Ball, location: 2F 0-1: Foul Ball, location: 2F 0-2: Fly out, F8 (Line Drive, 8LD, EV 85.6 MPH)
|
Batting: RHB Nick Wicker
|
0-0: Ball 1-0: Fly out, F7 (Flyball, 7LSF, EV 73.1 MPH)
|
Batting: RHB Ian Richardson
|
0-0: Foul Ball, location: 2F 0-1: Ball 1-1: Ball 2-1: Foul Ball, location: 2F 2-2: Foul Ball, location: 2F 2-2: Ball 3-2: Strikes out looking
|
Bottom of the 3rd over - 0 runs, 0 hits, 0 errors, 0 left on base; Los Angeles (NYP) 1 - Salem-Keizer 1 |
TOP OF THE 4TH |
Los Angeles (NYP) Dodgers batting - Pitching for Salem-Keizer Volcanoes : RHP Jim Sprayberry
|
Batting: RHB Ruben Serrata
|
0-0: Foul Ball, location: 2F 0-1: Swinging Strike 0-2: Foul Ball, location: 2F 0-2: Ball 1-2: Strikes out swinging
|
Batting: SHB Justin Toth
|
0-0: Ball 1-0: Called Strike 1-1: Ground out 6-3 (Groundball, 4M, EV 100.0 MPH)
|
Batting: LHB Tony Morales
|
0-0: Called Strike 0-1: Ball 1-1: Called Strike 1-2: Ball 2-2: Ball 3-2: Foul Ball, location: 2F 3-2: Base on Balls
|
Batting: RHB Daniel Samano
|
0-0: Called Strike 0-1: Ball 1-1: Called Strike 1-2: Ball 2-2: Strikes out swinging
|
Top of the 4th over - 0 runs, 0 hits, 0 errors, 1 left on base; Los Angeles (NYP) 1 - Salem-Keizer 1 |
BOTTOM OF THE 4TH |
Salem-Keizer Volcanoes batting - Pitching for Los Angeles (NYP) Dodgers : RHP Eric Ovitt
|
Batting: LHB Gil Caraveo
|
0-0: Swinging Strike 0-1: Ball 1-1: SINGLE (Groundball, 3D, EV 101.9 MPH)
|
Batting: LHB John Whitman
|
0-0: Ball 1-0: Ground out 4-3 (Groundball, 4MS, EV 68.1 MPH) Gil Caraveo to second
|
Batting: RHB Jason Gregor
|
0-0: Ball 1-0: Foul Ball, location: 2F 1-1: Ball 2-1: Fly out, F7 (Flyball, 7, EV 76.2 MPH)
|
Batting: RHB Matt Shepard
|
0-0: SINGLE (Groundball, 6MD, EV 104.4 MPH) Gil Caraveo to third Runner from 3rd tries for Home, SAFE, throw by CF to home
|
Batting: RHB Teruhide Horiuchi
|
0-0: Ball 1-0: Called Strike 1-1: Swinging Strike 1-2: Fielders Choice at 2nd, 6-4 (Groundball, 6, EV 81.9 MPH)
|
Bottom of the 4th over - 1 run, 2 hits, 0 errors, 1 left on base; Los Angeles (NYP) 1 - Salem-Keizer 2 |
TOP OF THE 5TH |
Los Angeles (NYP) Dodgers batting - Pitching for Salem-Keizer Volcanoes : RHP Jim Sprayberry
|
Batting: RHB Kyle Garrett
|
0-0: Foul Ball, location: 2F 0-1: SINGLE (Groundball, 34D, EV 94.4 MPH)
|
Batting: RHB Jonathan Underhill
|
0-0: Ball 1-0: Ball 2-0: Swinging Strike 2-1: Grounds into double play, 6-4-3 (Groundball, 6, EV 105.0 MPH)
|
Batting: LHB Jose Mojica
|
0-0: Ball 1-0: Ball 2-0: Ball 3-0: Base on Balls
|
Batting: RHB Alex Ramirez
|
0-0: Hit by Pitch Jose Mojica to second
|
Batting: RHB Nick Beggs
|
0-0: Ball 1-0: SINGLE (Groundball, 6D, EV 94.4 MPH) Jose Mojica to third Alex Ramirez to second Runner from 3rd tries for Home, SAFE, throw by LF to home
|
Pitching: RHP Mike Flynn
|
|
Batting: RHB Ruben Serrata
|
0-0: Ball 1-0: Ball 2-0: Called Strike 2-1: Ball 3-1: Called Strike 3-2: Base on Balls Alex Ramirez to third Nick Beggs to second
|
Batting: SHB Justin Toth
|
0-0: Called Strike 0-1: SINGLE (Groundball, 34D, EV 99.4 MPH) Alex Ramirez scores Nick Beggs to third Ruben Serrata to second Runner from 3rd tries for Home, throw by RF and OUT! 9-2
|
Top of the 5th over - 2 runs, 3 hits, 0 errors, 2 left on base; Los Angeles (NYP) 3 - Salem-Keizer 2 |
BOTTOM OF THE 5TH |
Salem-Keizer Volcanoes batting - Pitching for Los Angeles (NYP) Dodgers : RHP Eric Ovitt
|
Batting: RHB Ed Broomhead
|
0-0: Ball 1-0: Ball 2-0: Ball 3-0: Called Strike 3-1: Base on Balls
|
Batting: RHB Alexis Andrade
|
0-0: Ball 1-0: Called Strike 1-1: Foul Ball, location: 2F 1-2: Foul Ball, location: 2F 1-2: Strikes out swinging
|
Batting: RHB Nick Wicker
|
0-0: Called Strike 0-1: Called Strike 0-2: Foul Ball, location: 2F 0-2: Ball 1-2: Ball 2-2: Ball 3-2: Fly out, F9 (Line Drive, 9LM, EV 89.4 MPH)
|
Batting: RHB Ian Richardson
|
0-0: Called Strike 0-1: Swinging Strike 0-2: Ball 1-2: Ball 2-2: Foul Ball, location: 2F 2-2: Ground out 2-3 (Groundball, 15S, EV 64.4 MPH)
|
Bottom of the 5th over - 0 runs, 0 hits, 0 errors, 1 left on base; Los Angeles (NYP) 3 - Salem-Keizer 2 |
TOP OF THE 6TH |
Los Angeles (NYP) Dodgers batting - Pitching for Salem-Keizer Volcanoes : RHP Mike Flynn
|
Batting: LHB Tony Morales
|
0-0: Foul Ball, location: 2F 0-1: Foul Ball, location: 2F 0-2: Ball 1-2: Ball 2-2: Ground out U3 (Groundball, 34, EV 98.8 MPH)
|
Batting: RHB Daniel Samano
|
0-0: Called Strike 0-1: Ball 1-1: Called Strike 1-2: Fly out, F5 (Line Drive, 5, EV 66.2 MPH)
|
Batting: RHB Kyle Garrett
|
0-0: Ball 1-0: Ball 2-0: Foul Ball, location: 2F 2-1: Ball 3-1: Foul Ball, location: 2F 3-2: Foul Ball, location: 2F 3-2: Ground out 6-3 (Groundball, 6, EV 85.6 MPH)
|
Top of the 6th over - 0 runs, 0 hits, 0 errors, 0 left on base; Los Angeles (NYP) 3 - Salem-Keizer 2 |
BOTTOM OF THE 6TH |
Salem-Keizer Volcanoes batting - Pitching for Los Angeles (NYP) Dodgers : RHP Eric Ovitt
|
Batting: LHB Gil Caraveo
|
0-0: Called Strike 0-1: SOLO HOME RUN (Flyball, 9LD, EV 91.9 MPH), Distance : 344 ft
|
Batting: LHB John Whitman
|
0-0: Ball 1-0: Called Strike 1-1: Swinging Strike 1-2: Foul Ball, location: 2F 1-2: Foul Ball, location: 2F 1-2: Strikes out swinging
|
Batting: RHB Jason Gregor
|
0-0: Ball 1-0: Ground out 5-3 (Groundball, 56S, EV 85.0 MPH)
|
Batting: RHB Matt Shepard
|
0-0: Called Strike 0-1: Ground out 4-3 (Groundball, 4, EV 98.8 MPH)
|
Bottom of the 6th over - 1 run, 1 hit, 0 errors, 0 left on base; Los Angeles (NYP) 3 - Salem-Keizer 3 |
TOP OF THE 7TH |
Los Angeles (NYP) Dodgers batting - Pitching for Salem-Keizer Volcanoes : RHP Mike Flynn
|
Pitching: RHP Nick McDade
|
|
Batting: RHB Jonathan Underhill
|
0-0: Foul Ball, location: 2F 0-1: Ball 1-1: Ball 2-1: SINGLE (Groundball, 6MS, EV 71.9 MPH) (infield hit)
|
Batting: LHB Jose Mojica
|
0-0: Ball 1-0: Ball 2-0: Called Strike 2-1: Foul Ball, location: 2F 2-2: Foul Ball, location: 2F 2-2: Strikes out swinging
|
Batting: RHB Alex Ramirez
|
0-0: Ball 1-0: Ball 2-0: Fly out, F8 (Flyball, 78M, EV 95.0 MPH)
|
Batting: RHB Nick Beggs
|
0-0: Called Strike Jonathan Underhill steals 2nd base 0-1: Swinging Strike 0-2: Strikes out swinging
|
Top of the 7th over - 0 runs, 1 hit, 0 errors, 1 left on base; Los Angeles (NYP) 3 - Salem-Keizer 3 |
BOTTOM OF THE 7TH |
Salem-Keizer Volcanoes batting - Pitching for Los Angeles (NYP) Dodgers : RHP Eric Ovitt
|
Batting: RHB Teruhide Horiuchi
|
0-0: Called Strike 0-1: Ground out 6-3 (Groundball, 56, EV 83.1 MPH)
|
Batting: RHB Ed Broomhead
|
0-0: Called Strike 0-1: Called Strike 0-2: Ball 1-2: Foul Ball, location: 2F 1-2: Foul Ball, location: 2F 1-2: Ground out U3 (Groundball, 13, EV 86.2 MPH)
|
Batting: RHB Alexis Andrade
|
0-0: Foul Ball, location: 2F 0-1: Called Strike 0-2: Strikes out swinging
|
Bottom of the 7th over - 0 runs, 0 hits, 0 errors, 0 left on base; Los Angeles (NYP) 3 - Salem-Keizer 3 |
TOP OF THE 8TH |
Los Angeles (NYP) Dodgers batting - Pitching for Salem-Keizer Volcanoes : RHP Nick McDade
|
Pitching: RHP Kevin Spencer
|
|
Batting: RHB Ruben Serrata
|
0-0: Ball 1-0: Called Strike 1-1: Called Strike 1-2: Strikes out swinging
|
Batting: SHB Justin Toth
|
0-0: Called Strike 0-1: Ball 1-1: Called Strike 1-2: Strikes out looking
|
Batting: LHB Tony Morales
|
0-0: Ball 1-0: Ball 2-0: Foul Ball, location: 2F 2-1: Swinging Strike 2-2: Foul Ball, location: 2F 2-2: Fly out, F7 (Flyball, 7LMF, EV 91.2 MPH)
|
Top of the 8th over - 0 runs, 0 hits, 0 errors, 0 left on base; Los Angeles (NYP) 3 - Salem-Keizer 3 |
BOTTOM OF THE 8TH |
Salem-Keizer Volcanoes batting - Pitching for Los Angeles (NYP) Dodgers : RHP Eric Ovitt
|
Pitching: LHP Bill Esten
|
|
Batting: RHB Nick Wicker
|
0-0: Called Strike 0-1: Ball 1-1: Ground out 4-3 (Groundball, 4MS, EV 92.5 MPH)
|
Batting: RHB Ian Richardson
|
0-0: Ball 1-0: Called Strike 1-1: Ball 2-1: Ball 3-1: Called Strike 3-2: Foul Ball, location: 2F 3-2: Fly out, F8 (Flyball, 89M, EV 84.4 MPH)
|
Batting: LHB Gil Caraveo
|
0-0: Ball 1-0: Swinging Strike 1-1: Fly out, F9 (Flyball, 89S, EV 83.1 MPH)
|
Bottom of the 8th over - 0 runs, 0 hits, 0 errors, 0 left on base; Los Angeles (NYP) 3 - Salem-Keizer 3 |
TOP OF THE 9TH |
Los Angeles (NYP) Dodgers batting - Pitching for Salem-Keizer Volcanoes : RHP Kevin Spencer
|
Pitching: RHP Jay Kouns
|
|
Batting: RHB Daniel Samano
|
0-0: Ball 1-0: Fly out, F9 (Flyball, 9LM, EV 103.8 MPH)
|
Pinch Hitting: LHB Robin More
|
0-0: Called Strike 0-1: Swinging Strike 0-2: Strikes out swinging
|
Batting: RHB Jonathan Underhill
|
0-0: Swinging Strike 0-1: Ball 1-1: Ground out 5-3 (Groundball, 56, EV 98.8 MPH)
|
Top of the 9th over - 0 runs, 0 hits, 0 errors, 0 left on base; Los Angeles (NYP) 3 - Salem-Keizer 3 |
BOTTOM OF THE 9TH |
Salem-Keizer Volcanoes batting - Pitching for Los Angeles (NYP) Dodgers : LHP Bill Esten
|
Now in RF: Nick Massengale
|
|
Batting: LHB John Whitman
|
0-0: Ball 1-0: Called Strike 1-1: Ball 2-1: Swinging Strike 2-2: Foul Ball, location: 2F 2-2: Strikes out swinging
|
Batting: RHB Jason Gregor
|
0-0: Ground out 4-3 (Groundball, 4D, EV 82.5 MPH)
|
Batting: RHB Matt Shepard
|
0-0: Ball 1-0: Hit by Pitch
|
Pinch Runner at 1st Sam Smith:
|
|
Batting: RHB Teruhide Horiuchi
|
0-0: Ball 1-0: Foul Ball, location: 2F 1-1: Ball 2-1: Swinging Strike 2-2: Ball 3-2: Fly out, F8 (Flyball, 8LXD, EV 101.9 MPH)
|
Bottom of the 9th over - 0 runs, 0 hits, 0 errors, 1 left on base; Los Angeles (NYP) 3 - Salem-Keizer 3 |
TOP OF THE 10TH |
Los Angeles (NYP) Dodgers batting - Pitching for Salem-Keizer Volcanoes : RHP Jay Kouns
|
Now at 2B: John Tyra
|
|
Batting: LHB Jose Mojica
|
0-0: Ball 1-0: Ball 2-0: Ball 3-0: Called Strike 3-1: SINGLE (Line Drive, 9LS, EV 91.2 MPH)
|
Batting: RHB Alex Ramirez
|
0-0: Ball 1-0: Bunted foul 1-1: Bunted foul 1-2: SINGLE (Groundball, 4D, EV 99.4 MPH) Jose Mojica to second Runner from 2nd tries for 3rd, SAFE, throw by CF made to third
|
Batting: RHB Nick Beggs
|
0-0: Foul Ball, location: 2F 0-1: Ball 1-1: Ball 2-1: Ground out 5-3 (Groundball, 56, EV 85.6 MPH) Alex Ramirez to second
|
Batting: RHB Ruben Serrata
|
0-0: Called Strike 0-1: Called Strike 0-2: Ball 1-2: 3-RUN HOME RUN (Flyball, 89XD, EV 99.4 MPH), Distance : 407 ft
|
Batting: SHB Justin Toth
|
0-0: Foul Ball, location: 2F 0-1: Ball 1-1: Ground out 1-3 (Groundball, 13S, EV 60.0 MPH)
|
Batting: LHB Tony Morales
|
0-0: Ball 1-0: Ball 2-0: Called Strike 2-1: Ball 3-1: Foul Ball, location: 2F 3-2: Foul Ball, location: 2F 3-2: Foul Ball, location: 2F 3-2: Foul Ball, location: 2F 3-2: Base on Balls
|
Batting: RHB Daniel Samano
|
0-0: Called Strike 0-1: Ball 1-1: Foul Ball, location: 2F 1-2: Foul Ball, location: 2F 1-2: Ball 2-2: Strikes out looking
|
Top of the 10th over - 3 runs, 3 hits, 0 errors, 1 left on base; Los Angeles (NYP) 6 - Salem-Keizer 3 |
BOTTOM OF THE 10TH |
Salem-Keizer Volcanoes batting - Pitching for Los Angeles (NYP) Dodgers : LHP Bill Esten
|
Pitching: RHP Jordan Arredondo
|
|
Batting: RHB Ed Broomhead
|
0-0: Foul Ball, location: 2F 0-1: Ball 1-1: Called Strike 1-2: Ball 2-2: Ball 3-2: Strikes out swinging
|
Batting: RHB Alexis Andrade
|
0-0: SINGLE (Flyball, 34D, EV 89.4 MPH)
|
Batting: RHB Nick Wicker
|
0-0: DOUBLE (Line Drive, 9LM, EV 98.8 MPH) Alexis Andrade to third
|
Batting: RHB Ian Richardson
|
0-0: Foul Ball, location: 2F 0-1: Ball 1-1: Ball 2-1: Foul Ball, location: 2F 2-2: Ball 3-2: Ground out 1-3 (Groundball, 13S, EV 63.1 MPH)
|
Batting: LHB Gil Caraveo
|
0-0: Ball Wild Pitch! Alexis Andrade scores Nick Wicker to third 1-0: SINGLE (Groundball, 34D, EV 100.6 MPH) Nick Wicker scores
|
Batting: LHB John Whitman
|
0-0: Ball 1-0: Called Strike Pickoff Throw to First - Error! E1 Gil Caraveo to second 1-1: Ball 2-1: Ground out U3 (Groundball, 3L, EV 99.4 MPH)
|
Bottom of the 10th over - 2 runs, 3 hits, 1 error, 1 left on base; Los Angeles (NYP) 6 - Salem-Keizer 5 |
|